 Dungeon Crawl Stone Soup version 0.31-a0-261-g072fdb8a1f (webtiles) character file.

Game seed: 7639794416571153616

74 qw the Shooter (level 4, -2/36 HPs)
             Began as a Minotaur Hexslinger on July 13, 2023.
             Slain by an orc
             ... wielding a +0 club
              (5 damage)
             ... on level 3 of the Dungeon.
             The game lasted 00:00:32 (1269 turns).

qw the Shooter (Minotaur Hexslinger)                Turns: 1269, Time: 00:00:33

Health: -2/36      AC:  3    Str: 13    XL:     4   Next: 9%
Magic:  4/4        EV: 12    Int: 10    God:
Gold:   50         SH:  0    Dex: 14    Spells: 4/5 levels left

rFire   . . .        Y - +1 sling
rCold   . . .        (no shield)
rNeg    . . .        i - +0 leather armour
rPois   .            (helmet restricted)
rElec   .            (no cloak)
rCorr   .            (no gloves)
SInv    .            (no boots)
Will    .....        (no amulet)
Stlth   +            (no ring)
HPRegen 0.26/turn    (no ring)
MPRegen 0.09/turn

%: no passive effects
@: about to teleport
A: horns 2, retaliatory headbutt
a: no special abilities


You were on level 3 of the Dungeon.
You visited 1 branch of the dungeon, and saw 3 of its levels.

You collected 50 gold pieces.


Innate Abilities, Weirdness & Mutations

You have a pair of horns on your head.
You reflexively headbutt those who attack you in melee.


   Skills:
 - Level 2.0 Fighting
 + Level 4.6 Ranged Weapons
 - Level 2.1 Dodging
 - Level 1.0 Spellcasting
 - Level 2.0 Hexes


You had 4 spell levels left.
You knew the following spells:

 Your Spells              Type           Power      Damage    Failure   Level
a - Slow                  Hex            16%        N/A       19%         1

Your spell library contained the following spells:

 Spells                   Type           Power      Damage    Failure   Level
 Inner Flame              Hex/Fire       2%         N/A       65%         3
 Portal Projectile        Hex/Tloc       4%         N/A       65%         3
 Cause Fear               Hex            2%         N/A       88%         4

Inventory:

Hand Weapons
 Y - a +1 sling (weapon)
Armour
 c - a +0 ring mail
 i - a +0 leather armour (worn)
Scrolls
 a - a scroll of identify
Potions
 d - a potion of might
 h - a potion of curing {unknown}

Dungeon Overview and Level Annotations

Branches:
Dungeon (3/15)

Altars:


Message History

1257 ||| Stepping ~*~*~tactically~*~*~ (outnumbered).
An orc comes into view. It is wielding a +0 club.
An orc comes into view. It is wielding a +0 dagger.
You shoot a sling bullet. The orc shouts!
The sling bullet hits the orc but does no damage.
The orc is heavily wounded.
You shoot a sling bullet.
The sling bullet closely misses the orc.
The orc hits you with a +0 short sword.
You shoot a sling bullet. The sling bullet hits the orc.
You kill the orc!
1262 ||| FLEEEEING.
The orc priest calls down the wrath of Beogh upon you.
Pain shoots through your body!
You shoot a sling bullet. The sling bullet hits the orc priest.
The orc priest is lightly wounded.
You shoot a sling bullet.
The sling bullet barely misses the orc priest.
The orc priest misses you.
You shoot a sling bullet. The sling bullet hits the orc priest!
The orc priest is severely wounded.
The orc priest hits you with a +0 falchion!
You shoot a sling bullet.
The sling bullet closely misses the orc priest.
The orc priest hits you with a +0 falchion.
You shoot a sling bullet. The sling bullet hits the orc priest.
The orc priest is almost dead.
The orc priest calls down the wrath of Beogh upon you.
Beogh smites you!
1268 ||| READING scroll of teleportation.
As you read the scroll of teleportation, it crumbles to dust.
You feel strangely unstable. The orc priest closely misses you.
The orc barely misses you. The orc hits you with a +0 dagger.
You shoot a sling bullet. The sling bullet hits the orc priest.
You kill the orc priest!
The orc barely misses you. You furiously retaliate!
You headbutt the orc. The orc hits you with a +0 club.
You die...

.. .# #.##.# #) ..# #o
..# #.# #. ..# ########.#
#. #.# #........#
#)##)####.## #........#
#.o@.......# #........#
###o.####..## #........##
#.........#
#.(.......#######.####.##
#.......................%
#.....).[.#######..###.##
###.........# ##..#
..+.........# #.#
###.......### .#


You could see 2 orcs.

Vanquished Creatures
  An orc priest (D:3)
  2 adders (D:2)
  3 orcs
  6 ball pythons
  7 bats
  2 endoplasms
  4 giant cockroaches
  4 goblins
  4 hobgoblins (D:2)
  9 kobolds
  2 frilled lizards (D:2)
  3 rats
47 creatures vanquished.

Notes
Turn   | Place    | Note
-------+----------+-------------------------------------------
     0 | D:1      | qw the Minotaur Hexslinger began the quest for the Orb.
     0 | D:1      | Reached XP level 1. HP: 16/16 MP: 1/1
     0 | D:1      | 0 ||| qw: Version: 0.3-a-52-g30416fa
     0 | D:1      | 0 ||| qw: Game counter: 7025
     0 | D:1      | 0 ||| qw: Melee chars always use a shield: true
     0 | D:1      | 0 ||| qw: God list: Okawaru
     0 | D:1      | 0 ||| qw: Allow faded altars: false
     0 | D:1      | 0 ||| qw: Do Orc after clearing Dungeon:15 true
     0 | D:1      | 0 ||| qw: Do second Lair branch before Depths: true
     0 | D:1      | 0 ||| qw: Lair rune preference: random
     0 | D:1      | 0 ||| qw: Goals: Normal
     0 | D:1      | 0 ||| PLANNING D:1-11
   109 | D:1      | Reached skill level 3 in Ranged Weapons
   145 | D:1      | Reached XP level 2. HP: 23/23 MP: 2/2
   160 | D:1      | Found a faded altar of an unknown god.
   571 | D:1      | 571 ||| UPGRADING to +0 leather armour.
   581 | D:1      | 581 ||| DROPPING +0 robe.
   582 | D:1      | 582 ||| READING scroll labelled MINUKU HEAL.
   627 | D:1      | 627 ||| READING scroll labelled XUPPIT OG FIX.
   628 | D:1      | 628 ||| READING scroll labelled ERE WOANUE.
   633 | D:1      | 633 ||| DRINKING 2 smoky orange potions.
   634 | D:1      | 634 ||| DROPPING scroll of poison.
   656 | D:2      | Reached XP level 3. HP: 27/29 MP: 3/3
   760 | D:2      | Reached skill level 4 in Ranged Weapons
  1097 | D:2      | 1097 ||| DRINKING 2 glowing black potions.
  1098 | D:2      | 1098 ||| READING 2 scrolls of identify.
  1098 | D:2      | 1098 ||| IDENTIFYING fizzy inky potion
  1099 | D:2      | 1099 ||| DROPPING potion of invisibility.
  1100 | D:2      | 1100 ||| DROPPING potion of attraction.
  1109 | D:3      | 1109 ||| PLANNING SEWER
  1171 | D:3      | Reached XP level 4. HP: 36/36 MP: 4/4
  1257 | D:3      | 1257 ||| Stepping ~*~*~tactically~*~*~ (outnumbered).
  1262 | D:3      | 1262 ||| FLEEEEING.
  1267 | D:3      | HP: 5/36 [orc priest/divine providence (11)]
  1268 | D:3      | 1268 ||| READING scroll of teleportation.
  1269 | D:3      | Slain by an orc

Levels and vault maps discovered:
D:1:      lemuel_arrival_cross, layout_rooms,
          ebering_ecumenical_altar_petrified, chequers_serial_rivers_large_b
D:2:      layout_basic
D:3:      layout_basic, okawaru_ov_weapons_minmay, gup_sewer_entry_glass

Skill      XL: |  1  2  3 |
---------------+----------+-----
Ranged Weapons | 3 4 |  4.6
Fighting       | 2 |  2.0
Dodging        | |  2.1
Spellcasting   | |  1.0
Hexes          | |  2.0

Action                     |  1- 3 |  4- 6 || total
---------------------------+-------+-------++-------
   Fire: Sling             |    87 |    17 ||   104
    Use: Scroll            |     4 |     1 ||     5
         Potion            |     2 |       ||     2
 Armour: Robe              |     4 |       ||     4
         Leather armour    |     1 |     2 ||     3
  Dodge: Dodged            |    22 |     4 ||    26

Table legend:
 A = Non-vault XP
 B = Vault XP
 C = Vault XP percentage of total XP
 D = Non-vault monster count
 E = Vault monster count
 F = Vault count percentage of total count
                 A         B        C        D         E       F
            +---------+---------+-------+---------+---------+-------
      Total |     146 |       0 |   0.0 |      47 |       0 |   0.0
            +---------+---------+-------+---------+---------+-------
        D:1 |      35 |       0 |   0.0 |      21 |       0 |   0.0
        D:2 |      58 |       0 |   0.0 |      18 |       0 |   0.0
        D:3 |      53 |       0 |   0.0 |       8 |       0 |   0.0
            +---------+---------+-------+---------+---------+-------
